 BcadrenCrawl: Boulder Brew version 0.03.2.1-65-gee0f953b08 (webtiles) character file.

Game seed: 6837586070395176136, levelgen mode: deterministic

20116 esc the Sharpshooter (level 12, -2/105 (107) HPs) Centaur Noble. Began on Feb 10, 2021. Was a Priest of Fedhas Madash. Slain by a wolf spider (3 damage) ... on level 1 of the Lair of Beasts. The game lasted 00:23:46 (6652 turns).

esc the Sharpshooter (Centaur Noble)                Turns: 6652, Time: 00:23:47

HP:   -2/105 (107)  AC: 20    Str: 17    XL:     12 ^: 9295
MP:   13/13         EV:  6    Int:  9    God:    Fedhas Madash [3* [77]]
Gold: 489           SH:  0    Dex: 14    Spells: 13/13 levels left

rFire    . . .     Vision   .   c - +2 arbalest (velocity)
rCold    . . .     Gourm    .   (also wielding the above weapon)
rNeg     + . .     Faith    .   e - +5 plate armour {MR+}
rPois    .         Spirit   .   a - +0 helmet
rElec    .         Reflect  .   f - +0 cloak
rCorr    +         Harm     .   d - +0 pair of gloves {archery}
MR       +....                  (no barding)
Stlth    ..........             (no amulet)
HPRegen  0.45/turn              h - ring of resist corrosion
MPRegen  0.23/turn              o - ring of positive energy

@: lethally poisoned (-2 -> -28), about to teleport, very quick
A: large, hooves 3, deformed body, speed 2, tough skin 3
a: Fungal Bloom, Sunlight, Evolution, Growth, Renounce Religion


You were on level 1 of the Lair of Beasts.
You worshipped Fedhas Madash.
Fedhas Madash was most pleased with you.
You were not hungry.

You visited 3 branches of the dungeon, and saw 7 of its levels.
You also visited: Market.

You collected 472 gold pieces.
You spent 983 gold pieces at shops.

Inventory:

Weapons
 c - a +2 arbalest of velocity (weapon)
Armour
 a - a +0 helmet (worn)
 d - a +0 pair of gloves of archery (worn)
 e - a +5 plate armour of magic resistance (worn)
 f - a +0 cloak (worn)
Jewellery
 h - a ring of resist corrosion (left hand)
 i - a cursed ring of strength {(Curse: *Drain rF-)}
 o - a ring of positive energy (right hand)
 u - a cursed amulet of the gourmand {(Curse: *Slow)}
Wands
 r - a wand of polymorph (17)
 s - a wand of acid (5)
 t - a wand of flame (47)
 z - a wand of clouds (5)
 A - a wand of enslavement (2)
 B - a wand of ensnaring (1)
Scrolls
 g - 2 scrolls of teleportation
 j - 2 scrolls of magic mapping
 l - 3 scrolls of summoning
 p - a scroll of holy word
 q - 8 scrolls of blinking
 v - 3 scrolls of amnesia
 y - a scroll of fear
Potions
 k - 5 potions of curing
 m - 2 potions of magic
 n - a potion of cancellation
 w - 2 potions of heal wounds
 x - 2 potions of haste
 C - 2 potions of might
Comestibles
 b - 17 rations


   Skills:
 + Level 10.4 Fighting
 * Level 15.2 Crossbows
 + Level 8.0 Armour
 - Level 0.4 Stealth
 - Level 1.0 Spellcasting


You had 13 spell levels left.
You didn't know any spells.
Your spell library contained the following spells:

 Spells                   Type           Power        Failure   Level  Hunger
 Pain                     Hex/Necr       0 (25)       90%         1    ##.....
 Pryten's Skeletal Upris  Chrm/Necr      0 (200)      99%         3    ####...
 Regeneration             Chrm/Necr      0 (200)      99%         3    ####...
 Vampiric Draining        Necr           0 (200)      99%         3    ####...
 Animate Dead             Necr           N/A          100%        4    #####..


Dungeon Overview and Level Annotations

Branches:
Dungeon (5/8) Temple (1/1) D:4 Lair (1/6) D:5 Lair:1

Altars:
Ashenzari
Cheibriados
Dithmenos
Elyvilon
Fedhas Madash
Gozag Ym Sagoz
Hepliaklqana
Kikubaaqudgha
Makhleb
Nemelex Xobeh
Okawaru
Qazlal
Sif Muna
Trog
Uskayaw
Vehumet
Wu Jian
Yredelemnul
The Shining One

Shops:
D:4 :

Annotations:
D:5 2 transporters, 2 runed translucent doors


Innate Abilities, Weirdness & Mutations

You have hooves in place of feet.
Armour fits poorly on your strangely shaped body.
You cover ground very quickly.
You have extremely tough skin. (AC +3)


Message History

a +0 heater shield a cursed ring of teleportation {(Curse: MP-9)} a mummy skeleton
Press: ? - help, v - describe, . - travel The wolf spider hits you (7)!
* * * LOW HITPOINT WARNING * * *
The wolf spider bites you but does no damage.
You see here a +0 morningstar.
Fedhas Madash appreciates ongoing decay.
As you read the scroll of teleportation, it crumbles to dust.
You feel strangely unstable. The wolf spider hits you (20)!!
* * * LOW HITPOINT WARNING * * *
The wolf spider bites you (5).
* * * LOW HITPOINT WARNING * * *
You are lethally poisoned!
The wolf spider poisons you (44)!!!
The wolf spider hits you but does no damage.
The wolf spider bites you (3).
You die...
Fedhas Madash appreciates your contribution to the ecosystem.

##............................
#............†....†#########..
##................#######P##..
#............................
#..............†.............
#.....#########....##########
##..#####.##.###...##########.
#...........................÷.
##...........@................
#...........s[................
##............................
#............................
#............................
#............................
#......########..............
####.).# #P............. ##.##
##......^......


You could see a wolf spider.

Vanquished Creatures
  3 eidola (Lair:1)
  A mummy priest (Lair:1)
  A boulder beetle (Lair:1)
  Nergalle (D:5)
  2 two-headed ogres (D:5)
  2 molten gargoyles (Lair:1)
  4 spiny frogs (Lair:1)
  A freezing wraith (Lair:1)
  A rime drake (Lair:1)
  A wolf spider (Lair:1)
  4 komodo dragons (Lair:1)
  7 guardian mummies (Lair:1)
  The ghost of t4s4d4r the Arsonist, a novice GrFE (D:3)
  Prince Ribbit (D:2)
  5 wraiths (Lair:1)
  Sigmund (D:3)
  6 flying skulls (Lair:1)
  A spriggan (D:4)
  5 slime creatures (D:2)
  2 phantoms (Lair:1)
  4 water moccasins
  4 scorpions
  2 orc warriors (D:5)
  7 porcupines
  A dream sheep zombie (Lair:1)
  2 ice beasts
  3 sky beasts (D:5)
  3 ogres
  5 wolves (Lair:1)
  3 big kobolds (D:2)
  6 crocodiles
  5 bullfrogs
  A meliai zombie (D:4)
  A centaur (D:5)
  3 howler monkeys (D:5)
  4 killer bees (D:5)
  3 wights (D:5)
  A rime drake zombie (Lair:1)
  A crimson imp (D:3)
  2 hounds (D:4)
  3 lava snakes (Lair:1)
  7 orc priests
  6 jellies
  10 orc wizards
  A gnoll shaman (D:3)
  7 worker ants
  An iguana (D:3)
  2 water moccasin zombies (Lair:1)
  17 giant cockroaches
  A bullfrog zombie (D:4)
  2 porcupine zombies
  2 bullfrog skeletons
  8 gnolls (D:3)
  12 adders
  23 sewer rats
  2 white imps
  12 cinder newts
  2 hound skeletons (D:3)
  21 oozes
  A dart slug (D:1)
  4 leopard geckos
  19 orcs
  3 goblins (D:1)
  2 hobgoblins (D:1)
  10 jackals
  26 kobolds
  4 quokkas
  3 ball pythons
  5 bats (D:1)
  A hobgoblin skeleton (D:2)
  A quokka skeleton (D:3)
  3 rats (D:1)
  A butterfly (D:5)
  A giant blowfly (D:2)
  A plant (D:3)
  A slimehead (D:2)
  8 withered plants (D:2)
344 creatures vanquished.

Vanquished Creatures (others)
  A bullfrog (D:2)
  6 giant cockroaches (D:2)
  2 adders (D:2)
  6 sewer rats (D:2)
  3 oozes (D:2)
  3 bushes (D:3)
  2 fungi (D:5)
  3 giant blowflies (D:2)
  4 plants
  114 withered plants (D:2)
144 creatures vanquished.

Grand Total: 488 creatures vanquished

Notes
Turn   | Place    | Note
-------+----------+-------------------------------------------
     0 | Start Ma | esc the Centaur Noble began the quest for the Orb.
     0 | Start Ma | Reached XP level 1. HP: 16/16 MP: 2/2
     0 | Start Ma | Found Vaow Aho's Expert Tomes.
     0 | Start Ma | Found Ladump's Auxillary Armour.
     6 | Start Ma | Bought a +0 arbalest for 180 gold pieces
    12 | Start Ma | Bought a +0 pair of gloves of archery for 230 gold pieces
    18 | Start Ma | Found Hedouw's Mashing MeleeMart.
    53 | Start Ma | Bought a +5 plate armour of ponderousness for 300 gold
                  | pieces
    77 | Start Ma | Bought a +0 helmet for 90 gold pieces
    88 | Start Ma | Bought a +0 cloak for 135 gold pieces
   108 | Start Ma | Bought a scroll of teleportation for 48 gold pieces
   114 | D:1      | esc set off with the following items: a +0 helmet, a
                  | ration, a +0 arbalest, a +0 pair of gloves of archery, a +5
                  | plate armour of ponderousness, a +0 cloak, a scroll of
                  | teleportation
   225 | D:1      | Reached skill level 1 in Crossbows
   227 | D:1      | Reached XP level 2. HP: 23/23 MP: 3/3
   254 | D:1      | Reached skill level 2 in Crossbows
   254 | D:1      | Reached XP level 3. HP: 28/28 MP: 4/4
   305 | D:1      | Reached skill level 1 in Armour
   408 | D:1      | Reached XP level 4. HP: 36/36 MP: 5/5
   491 | D:1      | Reached skill level 3 in Crossbows
   626 | D:2      | Noticed a slime creature
   626 | D:2      | Noticed a slime creature
   665 | D:2      | Found an ancient bone altar of Kikubaaqudgha.
   713 | D:1      | Reached XP level 5. HP: 41/42 MP: 6/6
   754 | D:2      | Reached skill level 4 in Crossbows
   765 | D:2      | Reached XP level 6. HP: 51/51 MP: 7/7
   894 | D:2      | Reached skill level 5 in Crossbows
   918 | D:2      | Noticed a slime creature
   918 | D:2      | Noticed a slime creature
   921 | D:2      | Killed a slime creature
   921 | D:2      | Reached XP level 7. HP: 57/57 MP: 8/8
   949 | D:2      | Reached skill level 6 in Crossbows
  1505 | D:2      | Reached skill level 7 in Crossbows
  1570 | D:2      | Noticed Prince Ribbit
  1579 | D:2      | Killed Prince Ribbit
  1579 | D:2      | Reached XP level 8. HP: 53/67 MP: 9/9
  1620 | D:2      | Identified the cursed ring of Wuicw {rElec AC+5 Str-5
                  | Int+4, (Curse: Fragile)}
  1669 | D:2      | Reached skill level 5 in Fighting
  1810 | D:2      | Reached skill level 8 in Crossbows
  2351 | D:3      | Reached skill level 9 in Crossbows
  2361 | D:3      | Reached XP level 9. HP: 64/75 MP: 10/10
  2491 | D:3      | Noticed Sigmund
  2493 | D:3      | Killed Sigmund
  2613 | D:3      | Noticed t4s4d4r's ghost (novice GrFE)
  2622 | D:3      | Found a runed translucent door.
  2647 | D:3      | Found an ornate altar of the Wu Jian Council.
  2653 | D:3      | Killed t4s4d4r's ghost
  2752 | D:3      | Reached skill level 10 in Crossbows
  3109 | D:4      | Reached skill level 5 in Armour
  3201 | D:4      | Found a staircase to the Ecumenical Temple.
  3230 | D:4      | Found Sixkit's Book Shop.
  3364 | D:4      | Found a shimmering blue altar of Sif Muna.
  3579 | D:4      | Reached skill level 11 in Crossbows
  3579 | D:4      | Reached XP level 10. HP: 69/86 MP: 11/11
  3818 | D:5      | Entered Level 5 of the Dungeon
  3848 | Temple   | Entered the Ecumenical Temple
  3900 | Temple   | Became a worshipper of Fedhas Madash the Flourishing
  3931 | D:5      | Noticed Nergalle
  3933 | D:5      | Killed Nergalle
  4090 | D:5      | Found a staircase to the Lair.
  4110 | D:5      | Found a transporter.
  4112 | D:5      | Identified a scroll of acquirement
  4112 | D:5      | Found a runed translucent door.
  4122 | D:5      | Noticed a fire crab
  4124 | D:5      | Found a runed translucent door.
  4128 | D:5      | Found a transporter.
  4155 | D:5      | Noticed a two-headed ogre
  4167 | D:5      | Killed a two-headed ogre
  4167 | D:5      | Reached skill level 12 in Crossbows
  4222 | D:5      | Noticed a two-headed ogre
  4224 | D:5      | Killed a two-headed ogre
  4405 | D:5      | Reached * piety under Fedhas Madash
  4981 | D:5      | Found a shattered altar of Ashenzari.
  5113 | Lair:1   | Entered Level 1 of the Lair of Beasts
  5124 | Lair:1   | Reached XP level 11. HP: 95/95 MP: 12/12
  5170 | Lair:1   | Reached skill level 13 in Crossbows
  5393 | Lair:1   | Reached ** piety under Fedhas Madash
  5412 | Lair:1   | Noticed an eidolon
  5416 | Lair:1   | Killed an eidolon
  5497 | Lair:1   | Noticed an eidolon
  5510 | Lair:1   | Killed an eidolon
  5511 | Lair:1   | Reached skill level 14 in Crossbows
  5632 | Lair:1   | Noticed a boulder beetle
  5638 | Lair:1   | Killed a boulder beetle
  5883 | Lair:1   | Reached XP level 12. HP: 105/105 MP: 13/13
  5912 | Lair:1   | Noticed an eidolon
  5927 | Lair:1   | Killed an eidolon
  5927 | Lair:1   | Reached skill level 10 in Fighting
  6074 | Lair:1   | Reached skill level 15 in Crossbows
  6479 | Lair:1   | Reached *** piety under Fedhas Madash
  6618 | Lair:1   | Noticed a mummy priest
  6623 | Lair:1   | Killed a mummy priest
  6652 | Lair:1   | HP: 1/105 [wolf spider (5)]
  6652 | Lair:1   | Slain by a wolf spider

Levels and vault maps discovered:
D:1:      dpeg_arrival_snail, layout_rooms, first_ration
D:2:      layout_sewer, bcadren_lemuel_inverted_doored_altar, sewer_frog_spiral,
          serial_column_ruins, column_ruins_hut_pillars,
          column_ruins_hut_ruined, column_ruins_grid_4, column_ruins_open_tiny,
          column_ruins_corridor_T, column_ruins_grid_3,
          column_ruins_open_medium, column_ruins_grid_1
D:3:      layout_rooms, old_standard_altar, ebering_ghost_sewer_d,
          serial_forest, infiniplex_forest_corner_2,
          infiniplex_forest_clump_large, infiniplex_forest_zigzag_1,
          infiniplex_forest_end_1, infiniplex_forest_fountain,
          infiniplex_forest_lined_3, uniq_sigmund
D:4:      layout_roguey, lemuel_crystal_altar, minmay_temple_entry_wispy,
          serial_shops, shop, the_bakery
D:5:      gammafunk_wand_slinger, layout_layer_cave, kennysheep_little_box,
          dpeg_oklobed_lair, uniq_nergalle
Temple:   eino_wide_crystal_templ
Lair:1:   ossuary_bcadren_due_volcanic, layout_long_grid,
          miniossuary_due_ghosttown

Skill      XL: |  1  2  3  4  5  6  7  8  9 10 11 12 |
---------------+-------------------------------------+-----
Crossbows      | 1 2 3 4 5 7 9 11 12 14 15 | 15.2
Armour         | 1 2 3 4 5 6 7 8 |  8.0
Fighting       | 2 3 4 5 7 8 9 10 | 10.4
Stealth        | |  0.4
Spellcasting   | |  1.0

Action                   |  1- 3 |  4- 6 |  7- 9 | 10-12 || total
-------------------------+-------+-------+-------+-------++-------
 Fire: Arbalest          |    34 |   133 |   235 |   215 ||   617
  Use: Scroll            |       |     1 |     1 |     3 ||     5
  Eat: Chunk             |       |       |     7 |     6 ||    13
       Ration            |       |       |       |     1 ||     1
Armor: Plate armour      |    12 |   210 |   135 |    50 ||   407
Dodge: Dodged            |     1 |    32 |    23 |     6 ||    62
